 Dungeon Crawl Stone Soup version 0.21.1-1-g345015fe64 (webtiles) character file.

139 Lentor the Slasher (level 5, -1/47 HPs)
             Began as a Hill Orc Berserker on June 21, 2018.
             Was a Priest of Trog.
             Slain by an orc wizard
             ... wielding a +0 dagger
              (3 damage)
             ... on level 3 of the Dungeon.
             The game lasted 00:03:49 (2162 turns).

Lentor the Slasher (Hill Orc Berserker)             Turns: 2162, Time: 00:03:49

Health: -1/47      AC:  9    Str: 21    XL:     5   Next: 22%
Magic:  5/5        EV:  7    Int:  7    God:    Trog [***...]
Gold:   129        SH:  0    Dex: 13    Spells: 4/4 levels left

rFire    . . .     SeeInvis .   a - +0 falchion
rCold    . . .     Gourm    .   (no shield)
rNeg     . . .     Faith    .   f - +0 chain mail
rPois    .         Spirit   .   (no helmet)
rElec    .         Reflect  .   (no cloak)
rCorr    .         Harm     .   (no gloves)
MR       .....                  g - +0 pair of boots
Stlth    ..........             (no amulet)
HPRegen  0.15/turn              m - +3 ring of dexterity
MPRegen  0.09/turn              (no ring)

@: berserk cooldown, starving, slowed, heavily drained, very slow
A: no striking features
a: Berserk, Trog's Hand, Burn Spellbooks, Renounce Religion


You were on level 3 of the Dungeon.
You worshipped Trog.
Trog was most pleased with you.
You were starving.

You visited 1 branch of the dungeon, and saw 3 of its levels.

You collected 129 gold pieces.

Inventory:

Hand Weapons
 a - a +0 falchion (weapon)
Armour
 f - a +0 chain mail (worn)
 g - a +0 pair of boots (worn)
Jewellery
 m - a +3 ring of dexterity (left hand)
Wands
 l - a wand of random effects (33)
Scrolls
 e - a scroll of blinking {unknown}
 h - 5 scrolls of teleportation {unknown}
 j - a scroll of remove curse {unknown}
 o - a scroll of fear {unknown}
 p - a scroll of enchant weapon {unknown}
 s - a scroll of amnesia {unknown}
 t - a scroll of identify {unknown}
Potions
 b - a potion of heal wounds {unknown}
 d - a potion of berserk rage {unknown}
 i - a potion of brilliance {unknown}
 k - a potion of cancellation {unknown}
 n - a potion of flight {unknown}
 q - a potion of invisibility {unknown}
 r - a potion of magic {unknown}
Comestibles
 c - 10 rations


   Skills:
 + Level 4.7(3.5) Fighting
 + Level 5.1(3.8) Long Blades
 + Level 2.8(1.6) Armour
 + Level 1.8(0.7) Dodging


You had 4 spell levels left.
You didn't know any spells.

Dungeon Overview and Level Annotations

Branches:
Dungeon (3/15)

Altars:
Ashenzari
Wu Jian
Xom


Message History

The orc wizard hits you with a dagger.
* * * LOW HITPOINT WARNING * * *
The orc wizard hits you but does no damage.
You closely miss the orc wizard.
The orc wizard is severely wounded.
The orc wizard barely misses you.
You riposte.
You hit the orc wizard but do no damage.
The orc wizard is severely wounded.
The orc wizard hits you but does no damage.
The orc wizard barely misses you.
You riposte.
You hit the orc wizard.
The orc wizard is severely wounded.
You barely miss the orc wizard.
The orc wizard is severely wounded.
The orc wizard is no longer moving quickly.
The orc wizard closely misses you.
The orc wizard hits you but does no damage.
You hit the orc wizard but do no damage.
The orc wizard is severely wounded.
The orc wizard hits you with a dagger.
You die...

#.#####.## ###
#.# #..# #†#
##.#
####)######.##
#..))....##..###
#........###...#
#........#
###.####
#........#
#.....
#.@?.....#
#####.
#.o<.....# #...
#........# #...
########## #..^
#... #... #...
#... #..^


You could see an orc wizard.

Vanquished Creatures
  A worker ant (D:3)
  Robin (D:2)
  2 adders (D:3)
  2 worms (D:2)
  2 dart slugs (D:1)
  4 orcs (D:3)
  2 giant cockroaches
  17 goblins
  4 hobgoblins
  6 jackals (D:3)
  A quokka (D:2)
  A ball python (D:3)
  10 bats
  4 frilled lizards
  7 kobolds
  7 rats
71 creatures vanquished.

Notes
Turn   | Place    | Note
-------+----------+-------------------------------------------
     0 | D:1      | Lentor the Hill Orc Berserker began the quest for the Orb.
     0 | D:1      | Reached XP level 1. HP: 19/19 MP: 1/1
   293 | D:1      | Reached XP level 2. HP: 27/27 MP: 2/2
   821 | D:2      | Reached XP level 3. HP: 33/33 MP: 3/3
   822 | D:2      | Noticed Robin
   828 | D:2      | Reached ** piety under Trog
   860 | D:2      | Killed Robin
   860 | D:2      | Reached skill level 4 in Long Blades
  1052 | D:2      | Reached XP level 4. HP: 41/41 MP: 4/4
  1087 | D:2      | Found an ornate altar of the Wu Jian Council.
  1136 | D:2      | Found a shimmering altar of Xom.
  1967 | D:3      | Reached XP level 5. HP: 47/47 MP: 5/5
  1984 | D:3      | Found a shattered altar of Ashenzari.
  2023 | D:3      | Reached *** piety under Trog
  2023 | D:3      | Reached skill level 5 in Long Blades
  2156 | D:3      | HP: 2/47 [orc wizard/magic dart (5)]
  2162 | D:3      | Slain by an orc wizard

Skill      XL: |  1  2  3  4  5 |
---------------+----------------+-----
Fighting       | 4 |  4.7
Long Blades    | 4 5 |  5.1
Armour         | |  2.8
Dodging        | |  1.8

Action                   |  1- 3 |  4- 6 || total
-------------------------+-------+-------++-------
Melee: Falchion          |   101 |   122 ||   223
Invok: Berserk           |     1 |     2 ||     3
Evoke: Wand              |       |     2 ||     2
  Eat: Chunk             |     1 |     4 ||     5
Armor: Animal skin       |     2 |       ||     2
       Chain mail        |    74 |    90 ||   164
Dodge: Dodged            |    71 |    57 ||   128
       Rpst.: Falchion   |    30 |    18 ||    48
